 Dungeon Crawl Stone Soup version 0.27-a0-1256-gced786f65e (webtiles) character file.

Game seed: 13649527450621854679

6194 mordus the Spear-Bearer (level 10, 0/86 HPs)
             Began as a White Draconian Berserker on June 9, 2021.
             Was a High Priest of Trog.
             Slain by a catoblepas (9 damage)
             ... while petrified by a catoblepas
             ... on level 9 of the Dungeon on June 10, 2021.
             The game lasted 00:21:26 (10488 turns).

mordus the Spear-Bearer (DrBe)                     Turns: 10488, Time: 00:21:27

Health: 0/86       AC: 16    Str: 21    XL:     10   Next: 61%
Magic:  10/10      EV:  2    Int:  8    God:    Trog [*****.]
Gold:   466        SH:  0    Dex: 12    Spells: 9/9 levels left

rFire    . . .     SeeInvis .   u - +2 halberd (flame)
rCold    + . .     Faith    .   (shield currently unavailable)
rNeg     + + +     Spirit   .   (armour unavailable)
rPois    ∞         Reflect  .   (helmet restricted)
rElec    .         Harm     .   D - +1 cloak
rCorr    .         Rampage  .   (no gloves)
Will     .....                  y - +2 pair of boots
Stlth    +.........             (no amulet)
HPRegen  0.24/turn              p - +4 ring of protection
MPRegen  0.12/turn              (no ring)

@: petrified, on berserk cooldown, slowed
A: breathe frost, AC +7, unfitting armour, cold resistance 1, cold-blooded
a: Breathe Frost, Renounce Religion, Berserk, Trog's Hand, Brothers in Arms


You were on level 9 of the Dungeon.
You worshipped Trog.
Trog was extremely pleased with you.
You visited 1 branch of the dungeon, and saw 9 of its levels.
You also visited: Sewer and Ossuary.

You collected 466 gold pieces.

Inventory:

Hand Weapons
 a - a +0 spear of draining
 u - a +2 halberd of flaming (weapon)
 A - the +1 hand axe of the Horn {speed, rF+ rC+ Will+}
   (You found it on level 6 of the Dungeon)

   Attacks with this weapon are significantly faster.
   It protects you from fire.
   It protects you from cold.
   It increases your willpower.
 G - a +4 glaive
Missiles
 o - 8 atropa-tipped darts
 s - 5 curare-tipped darts
 t - 2 throwing nets
Armour
 y - a +2 pair of boots (worn)
 D - a +1 cloak (worn)
Jewellery
 p - a +4 ring of protection (left hand)
 F - an amulet of magic regeneration
Wands
 w - a wand of flame (31)
 x - a wand of iceblast (16)
Scrolls
 e - 4 scrolls of magic mapping
 i - 2 scrolls of immolation
 j - a scroll of vulnerability
 l - 6 scrolls of identify
 m - 3 scrolls of enchant armour
 n - 6 scrolls of teleportation
 r - a scroll of brand weapon
 v - 2 scrolls of fear
 E - a scroll of enchant weapon
 H - a scroll of torment {unknown}
 I - a scroll of fog {unknown}
Potions
 b - 7 potions of attraction
 c - 5 potions of might {unknown}
 d - a potion of magic {unknown}
 f - 2 potions of mutation {unknown}
 g - a potion of ambrosia {unknown}
 h - 2 potions of invisibility {unknown}
 k - 2 potions of flight {unknown}
 q - a potion of degeneration {unknown}
 z - 2 potions of brilliance {unknown}
 B - 6 potions of curing {unknown}
 C - 4 potions of lignification {unknown}
 J - a potion of resistance {unknown}


   Skills:
 + Level 7.0 Fighting
 * Level 12.4 Polearms
 + Level 8.5 Dodging


You had 9 spell levels left.
You didn't know any spells.
Your spell library contained the following spells:

 Spells                   Type           Power      Damage    Failure   Level
 Animate Skeleton         Necr           0%         N/A       41%         1
 Magic Dart               Conj           0%         1d3       41%         1
 Pain                     Necr           0%         1d4       41%         1
 Summon Small Mammal      Summ           0%         N/A       41%         1
 Call Imp                 Summ           0%         N/A       54%         2
 Searing Ray              Conj           0%         3d3       54%         2
 Call Canine Familiar     Summ           0%         N/A       78%         3
 Conjure Flame            Conj/Fire      0%         6-21      78%         3
 Dazzling Flash           Conj/Hex       0%         N/A       78%         3
 Summon Guardian Golem    Hex/Summ       0%         N/A       78%         3
 Vampiric Draining        Necr           0%         2d6       78%         3
 Animate Dead             Necr           0%         N/A       99%         4
 Fulminant Prism          Conj/Hex       0%         3d6       99%         4
 Iskenderun's Mystic Bla  Conj/Tloc      0%         2d3       99%         4
 Sticky Flame             Conj/Fire      0%         2d3       99%         4
 Summon Ice Beast         Ice/Summ       0%         N/A       99%         4
 Summon Lightning Spire   Summ/Air       0%         N/A       99%         4
 Agony                    Necr           0%         N/A       100%        5
 Bolt of Magma            Conj/Fire/Erth 0%         4d4       100%        5
 Ignition                 Fire           0%         3d3       100%        8


Dungeon Overview and Level Annotations

Branches:
Dungeon (9/15)             Temple (0/1) D:7           Sewer (visited)
Ossuary (visited)
   Lair: D:8-11         Orc: D:9-12

Altars:
Cheibriados
Dithmenos
Gozag
Trog

Shops:
D:3 :


Innate Abilities, Weirdness & Mutations

You can breathe waves of freezing cold which knock back foes.
Your icy white scales are hard. (AC +7)
You cannot fit into any form of body armour.
Your flesh is cold resistant. (rC+)
You are cold-blooded and may be slowed by cold attacks.


Message History

The blast of calcifying dust hits you but does no damage.
You turn to flesh and can move again.
You hit the catoblepas but do no damage.
The catoblepas is heavily wounded.
You are engulfed in calcifying dust.
You are slowing down.
A steam dragon comes into view.
You are too berserk!
You feel a strong urge to attack something.
You are no longer berserk.
You are exhausted.
You feel yourself slow down.
The centaur is no longer petrified.
Your limbs are stiffening.
The centaur is engulfed in calcifying dust.
The centaur is moving more slowly.
The centaur is engulfed in calcifying dust.
The centaur stops moving altogether!
The kobold brigand is engulfed in calcifying dust.
The kobold brigand is moving more slowly.
The catoblepas gores you!
* * * LOW HITPOINT WARNING * * *
The centaur is engulfed in calcifying dust.
You have turned to stone.
The killer bee stings you.
The killer bee stings you but does no damage.
The catoblepas gores you.
* * * LOW HITPOINT WARNING * * *
The killer bee stings you!
* * * LOW HITPOINT WARNING * * *
The wyvern bites you!
* * * LOW HITPOINT WARNING * * *
The killer bee stings you.
* * * LOW HITPOINT WARNING * * *
The catoblepas completely misses you.
The wyvern bites you but does no damage.
The killer bee stings you but does no damage.
The killer bee stings you.
* * * LOW HITPOINT WARNING * * *
The catoblepas gores you!!
You die...

###########......##########
#.....## #. #.###.# #.
#.###)# ##.## . #.K##)##
##....#.. #.KKc..#
##........ ♣#.##...#
#......... ♣y.##.Yy#
#.........
....DK..##Ky@####.z.......
#♣♣D♣♣...D.l.....#........
♣. ♣#.............#..... #K
#..........##<...... #
#.##...##### ###....
#.##...# ... #.##...# #.
#...# ##.##


You could see a catoblepas, a steam dragon, a wyvern, a kobold brigand
(petrifying), a centaur (petrified), 2 killer bees and 3 kobolds.

Vanquished Creatures
  A hornet (D:8)
  Sigmund (D:5)
  2 wyverns
  Eustachio (D:6)
  8 yaks
  3 vampire mosquitoes (D:6)
  Menkaure (D:6)
  2 water moccasins (D:5)
  A black bear (D:7)
  An ice beast (D:6)
  2 orc warriors
  A sky beast (D:6)
  A necrophage (D:4)
  3 ogres
  2 centaurs
  A phantom (D:5)
  5 bullfrogs
  A scorpion (D:5)
  2 water moccasin zombies (Ossuary)
  9 killer bees
  4 wights (D:9)
  3 howler monkeys
  3 jellies
  A bullfrog zombie (D:3)
  2 centaur zombies
  2 hounds
  3 bullfrog skeletons
  2 orc priests
  2 centaur skeletons
  Crazy Yiuf (D:6)
  12 orc wizards
  Terence (D:3)
  5 iguanas
  3 mummies
  9 gnolls
  A howler monkey skeleton (D:7)
  9 adders
  A white imp (D:5)
  2 ufetubi
  7 adder zombies (Ossuary)
  3 worms
  3 dart slugs
  43 orcs
  5 bats
  12 endoplasms
  10 giant cockroaches
  2 gnoll zombies (Ossuary)
  16 hobgoblins
  15 jackals
  9 quokkas
  8 ball pythons
  7 frilled lizards
  9 goblins
  6 hobgoblin zombies (Ossuary)
  16 kobolds
  6 kobold zombies (Ossuary)
  4 orc zombies (Ossuary)
  A quokka zombie (D:8)
  7 rats
  A rat zombie (D:8)
304 creatures vanquished.

Vanquished Creatures (others)
  11 plants
11 creatures vanquished.

Grand Total: 315 creatures vanquished

Notes
Turn   | Place    | Note
-------+----------+-------------------------------------------
     0 | D:1      | mordus the Draconian Berserker began the quest for the Orb.
     0 | D:1      | Reached XP level 1. HP: 19/19 MP: 1/1
   138 | D:1      | Reached XP level 2. HP: 22/26 MP: 2/2
   665 | D:1      | Found a faded altar of an unknown god.
   773 | D:1      | Reached XP level 3. HP: 31/31 MP: 3/3
  1012 | D:1      | Reached skill level 4 in Polearms
  1031 | D:1      | Reached ** piety under Trog
  1124 | D:2      | Identified the Incunabulum of the Volcanoes
  1330 | D:2      | Reached XP level 4. HP: 27/38 MP: 4/4
  1850 | D:2      | Reached skill level 5 in Polearms
  1973 | D:2      | Reached XP level 5. HP: 42/45 MP: 5/5
  2527 | D:3      | Reached *** piety under Trog
  2651 | D:3      | Found Watequt's Book Shoppe.
  2978 | D:3      | Reached XP level 6. HP: 42/51 MP: 6/6
  3156 | D:3      | Noticed Terence
  3170 | D:3      | Killed Terence
  3171 | D:3      | Reached skill level 6 in Polearms
  3676 | D:4      | Your scales start taking on an icy white colour.
  3676 | D:4      | Reached XP level 7. HP: 53/57 MP: 7/7
  3676 | D:4      | Gained mutation: Your flesh is cold resistant. (rC+) [White
                  | Draconian growth]
  3809 | D:4      | Found a snail-covered altar of Cheibriados.
  4111 | D:4      | Reached **** piety under Trog
  4197 | D:4      | Reached skill level 7 in Polearms
  4332 | D:4      | Reached skill level 5 in Dodging
  4773 | D:5      | Entered Level 5 of the Dungeon
  4939 | D:5      | Noticed Sigmund
  4955 | D:5      | Killed Sigmund
  4956 | D:5      | Reached skill level 8 in Polearms
  4956 | D:5      | Reached XP level 8. HP: 58/63 MP: 8/8
  5442 | D:5      | Reached skill level 9 in Polearms
  5463 | D:5      | Reached skill level 10 in Polearms
  5721 | D:5      | Reached XP level 9. HP: 61/70 MP: 9/9
  6520 | D:6      | Found a glowing drain.
  6542 | Sewer    | Entered a sewer
  6893 | Sewer    | Reached skill level 11 in Polearms
  6934 | Sewer    | Reached skill level 5 in Fighting
  7168 | D:6      | Found a runed translucent door.
  7169 | D:6      | Noticed Crazy Yiuf
  7314 | D:6      | Reached ***** piety under Trog
  7316 | D:6      | Identified the +1 hand axe of the Horn {speed, rF+ rC+
                  | Will+}
  7476 | D:6      | Noticed Eustachio
  7503 | D:6      | Killed Eustachio
  7831 | D:6      | Noticed Menkaure
  7857 | D:6      | Killed Menkaure
  8302 | D:6      | Killed Crazy Yiuf
  8615 | D:7      | Reached XP level 10. HP: 76/83 MP: 10/10
  9159 | D:7      | Found a bloodstained altar of Trog.
  9216 | D:7      | Found a staircase to the Ecumenical Temple.
  9375 | D:8      | Found a sand-covered staircase.
  9439 | D:8      | Reached skill level 12 in Polearms
  9470 | Ossuary  | Entered an ossuary
  9588 | Ossuary  | Received a gift from Trog
 10247 | D:9      | Found an opulent altar of Gozag.
 10247 | D:9      | Found a shadowy altar of Dithmenos.
 10303 | D:9      | Upgraded the game from 0.27-a0-1245-g940ed4fa31 to
                  | 0.27-a0-1256-gced786f65e
 10455 | D:9      | Noticed a catoblepas
 10488 | D:9      | Slain by a catoblepas

Illustrated notes

Levels and vault maps discovered:
D:1:      tarquinn_simple_flora_water_d, layout_loops_corners,
          ebering_ecumenical_altar_abandoned
D:2:      layout_loops_ring, minmay_close_crescents
D:3:      minmay_bubble_buster, layout_loops_cross, serial_shops, shop,
          uniq_terence
D:4:      layout_loops_ring, slow_altar_1
D:5:      layout_basic, uniq_sigmund
D:6:      corexii_shantytown, layout_basic, portal_sewer_entry_d,
          uniq_eustachio, uniq_menkaure, uniq_crazy_yiuf_cottage
D:7:      layout_rooms, trog_book, temple_green
D:8:      layout_basic, enter_ossuary_4, minmay_misc_feat_encased,
          minmay_misc_feat_rows
D:9:      nzn_winding_woodlands_small [nzn_winding_woodlands_5x15_jagged,
          nzn_winding_woodlands_center_garden,
          nzn_winding_woodlands_5x15_split_checker], layout_loops_cross,
          chequers_temple_overflow_statue_of_worship, hangedman_corner_corridor

Skill      XL: |  1  2  3  4  5  6  7  8  9 10 |
---------------+-------------------------------+-----
Dodging        | 3 4 5 6 7 8 |  8.5
Polearms       | 4 5 6 8 10 11 12 | 12.4
Fighting       | 5 7 |  7.0

Action                   |  1- 3 |  4- 6 |  7- 9 | 10-12 || total
-------------------------+-------+-------+-------+-------++-------
Melee: Spear             |   144 |   307 |   110 |       ||   561
       Tailslap          |    12 |    34 |    43 |    14 ||   103
       Halberd           |       |       |   322 |   221 ||   543
Invok: Trog's Hand       |     1 |     1 |     7 |     4 ||    13
       Berserk           |     1 |     1 |     3 |     1 ||     6
 Abil: Breathe Frost     |       |       |     4 |       ||     4
  Use: Scroll            |       |       |    12 |     1 ||    13
 Stab: Sleeping          |     6 |     4 |     4 |     2 ||    16
Armor: Skin              |    26 |    56 |   131 |    64 ||   277
Dodge: Dodged            |    73 |   132 |   249 |   163 ||   617

Table legend: (Time is in decaauts)
 A = Elapsed time spent in this place.
 B = Non-inter-level travel time spent in this place.
 C = Inter-level travel time spent in this place.
 D = Time resting spent in this place.
 E = Time spent auto-exploring this place.
 F = Levels seen in this place.
 G = Mean time per level.
                   A        B        C        D        E       F      G
               +--------+--------+--------+--------+--------+-----+--------+
         Total |  10465 |  10260 |    205 |   1792 |   6255 |  11 |  951.4 |
       Dungeon |   9839 |   9634 |    205 |   1792 |   5949 |   9 | 1093.2 |
         Sewer |    468 |    468 |      0 |      0 |    301 |   1 |  468.0 |
       Ossuary |    157 |    157 |      0 |      0 |      5 |   1 |  157.0 |
               +--------+--------+--------+--------+--------+-----+--------+

Top non-repeatable levels by time:
     D:5: 1671 daAuts
     D:6: 1494 daAuts
     D:4: 1366 daAuts
     D:3: 1170 daAuts
     D:1: 1095 daAuts
     D:2: 1066 daAuts
     D:7: 949 daAuts
     D:8: 786 daAuts
   Sewer: 468 daAuts
     D:9: 237 daAuts
 Ossuary: 157 daAuts
